 Dungeon Crawl Stone Soup version 0.29.1-1-gd02db6906a (webtiles) character file.

Game seed: 18094563998093954736

273 MisterFreud the Twirler (level 6, -1/48 HPs)
             Began as a Formicid Gladiator on Sept 28, 2022.
             Slain by a gnoll
             ... wielding a +0 flail
              (7 damage)
             ... on level 3 of the Dungeon.
             The game lasted 00:02:26 (2935 turns).

MisterFreud the Twirler (Formicid Gladiator)        Turns: 2935, Time: 00:02:26

Health: -1/48      AC:  3    Str: 21    XL:     6   Next: 48%
Magic:  6/6        EV: 12    Int:  7    God:
Gold:   98         SH:  0    Dex: 15    Spells: 5/5 levels left

rFire   . . .      SeeInvis +   a - +0 quarterstaff
rCold   . . .      Faith    .   (no shield)
rNeg    . . .      Spirit   .   b - +0 leather armour
rPois   .          Reflect  .   (helmet unavailable)
rElec   .          Harm     .   (no cloak)
rCorr   .          Rampage  .   (no gloves)
Will    .....                   (no boots)
Stlth   +.........              (no amulet)
HPRegen 0.16/turn               (no ring)
MPRegen 0.10/turn               (no ring)

@: no status effects
A: permanent stasis, dig shafts and tunnels, antennae 3, four strong arms
a: Dig, Shaft Self


You were on level 3 of the Dungeon.
You visited 1 branch of the dungeon, and saw 3 of its levels.

You collected 128 gold pieces.
You spent 30 gold pieces at shops.

Inventory:

Hand Weapons
 a - a +0 quarterstaff (weapon)
Missiles
 c - 3 throwing nets (quivered)
 d - a javelin
 h - 2 boomerangs
Armour
 b - a +0 leather armour (worn)
Wands
 l - a wand of quicksilver (6)
Scrolls
 e - 2 scrolls of identify
 i - a scroll of enchant armour {unknown}
Potions
 f - 2 potions of brilliance
 g - 2 potions of curing
 k - 2 potions of flight


   Skills:
 + Level 4.1 Fighting
 - Level 6.0 Staves
 - Level 2.0 Throwing
 - Level 2.6 Dodging


You had 5 spell levels left.
You didn't know any spells.
Your spell library contained the following spells:

 Spells                   Type           Power      Damage    Failure   Level
 Call Canine Familiar     Summ           0%         N/A       85%         3
 Gell's Gravitas          Tloc           0%         N/A       85%         3
 Lesser Beckoning         Tloc           0%         N/A       85%         3
 Portal Projectile        Hex/Tloc       0%         N/A       85%         3
 Teleport Other           Tloc           0%         N/A       85%         3
 Leda's Liquefaction      Hex/Erth       0%         N/A       99%         4


Dungeon Overview and Level Annotations

Branches:
Dungeon (3/15)

Altars:

Shops:
D:2 !


Innate Abilities, Weirdness & Mutations

You cannot be hasted, slowed, berserked, paralysed or teleported.
You can dig through walls and to a lower floor.
You have a pair of large antennae on your head. (SInv)
Your four strong arms can wield two-handed weapons with a shield.


Message History

No target in view!
l - a wand of quicksilver (6) No target in view!
As you read the scroll of identify, it crumbles to dust.
i - a potion of berserk rage
As you read the scroll of identify, it crumbles to dust.
k - 2 potions of flight You drop a potion of berserk rage.
As you read the scroll labelled GOPAUQ VEXZAEH, it crumbles to dust.
You hear a loud clanging noise!
It was a scroll of noise.
You hear an angry hiss.
You hear a shout!
i - a scroll labelled VILOAGHAXU
Found a stone staircase leading down.
You sense a monster nearby.
A gnoll comes into view. It is wielding a +0 flail.
A gnoll is nearby!
A gnoll is nearby!
A gnoll comes into view. It is wielding a +0 flail.
Found 6 gold pieces.
A gnoll comes into view. It is wielding a +0 whip.
Found a smoky brown potion.
The gnoll hits you with a +0 flail! The gnoll attacks as you move away!
The gnoll hits you with a +0 flail! The gnoll attacks as you move away!
The gnoll hits you with a +0 flail.
You closely miss the gnoll. The gnoll hits you with a +0 flail!
You are too injured to fight recklessly!
The gnoll shouts!
You hit the gnoll but do no damage. The gnoll misses you.
You are too injured to fight recklessly!
You barely miss the gnoll. The gnoll closely misses you.
You barely miss the gnoll. The gnoll closely misses you.
You closely miss the gnoll. The gnoll closely misses you.
You thump the gnoll!
The gnoll is almost dead.
The gnoll hits you with a +0 flail!
* * * LOW HITPOINT WARNING * * *
You barely miss the gnoll.
The gnoll is almost dead.
The gnoll hits you with a +0 flail!
You die...

..........# ..##.#..###
#.##....# . .......## ###
.. .....### #.# ... ######
#.# ...! ....### #.# .....
#.....######.########......
................@ggg..>....
........####.######........
####..#......# .$#...... #
#........[# ..##......
####.##...##.###.## .....
.................# .....
.....###.....#...# ####
########.........#
##......##...#...#


You could see 3 gnolls.

Vanquished Creatures
  Sigmund (D:2)
  An orc priest (D:3)
  An adder (D:3)
  An ufetubus (D:3)
  A worm (D:2)
  A dart slug (D:1)
  2 orcs
  8 bats
  3 endoplasms (D:1)
  3 giant cockroaches
  4 hobgoblins (D:1)
  6 jackals (D:1)
  8 kobolds
  2 quokkas
  3 ball pythons
  3 frilled lizards
  7 goblins
  3 rats
58 creatures vanquished.

Notes
Turn   | Place    | Note
-------+----------+-------------------------------------------
     0 | D:1      | MisterFreud the Formicid Gladiator began the quest for the
                  | Orb.
     0 | D:1      | Reached XP level 1. HP: 16/16 MP: 1/1
   500 | D:1      | Reached XP level 2. HP: 22/22 MP: 2/2
   642 | D:1      | Found a faded altar of an unknown god.
   794 | D:1      | Reached skill level 4 in Staves
   794 | D:1      | Reached XP level 3. HP: 27/27 MP: 3/3
  1495 | D:2      | Reached XP level 4. HP: 33/33 MP: 4/4
  1581 | D:2      | Found Ykkob's Distillery.
  1584 | D:2      | Bought a potion of curing for 30 gold pieces
  1807 | D:2      | Noticed Sigmund
  1818 | D:2      | Killed Sigmund
  1819 | D:2      | Reached skill level 6 in Staves
  1819 | D:2      | Reached XP level 5. HP: 15/41 MP: 5/5
  1819 | D:2      | Reached XP level 6. HP: 17/47 MP: 6/6
  2935 | D:3      | Slain by a gnoll

Illustrated notes

Levels and vault maps discovered:
D:1:      sevenhm_arrival_forest_fort_small_6, layout_basic,
          chequers_ecumenical_altar_simple, minmay_misc_feat_square
D:2:      layout_basic, serial_shops, nicolae_shop_behind_doors, uniq_sigmund
D:3:      layout_basic, old_standard_altar

Skill      XL: |  1  2  3  4  5  6 |
---------------+-------------------+-----
Staves         | 4 6 |  6.0
Fighting       | 3 4 |  4.1
Throwing       | |  2.0
Dodging        | |  2.6

Action                   |  1- 3 |  4- 6 || total
-------------------------+-------+-------++-------
Melee: Quarterstaff      |    96 |    73 ||   169
       Punch             |       |     2 ||     2
  Use: Scroll            |     1 |     4 ||     5
Armor: Leather armour    |    35 |    18 ||    53
Dodge: Dodged            |    65 |    45 ||   110
